 Dungeon Crawl Stone Soup version 0.20.0-10-g0535bb4 (console) character file.

193 removed the Chiller (level 5, 0/28 HPs)
             Began as a Tengu Ice Elementalist on June 7, 2017.
             Slain by a shadow imp (6 damage)
             ... on level 4 of the Dungeon.
             The game lasted 00:08:26 (4390 turns).

removed the Chiller (Tengu Ice Elementalist)        Turns: 4390, Time: 00:08:27

Health: 0/28       AC: 10    Str:  8    XL:     5   Next: 72%
Magic:  3/9        EV: 13    Int: 16    God:
Gold:   214        SH:  0    Dex: 15    Spells: 5/8 levels left

rFire    . . .     SeeInvis .   A - +1 flail (protect)
rCold    . . .     Gourm    .   (no shield)
rNeg     . . .     Faith    .   u - +0 robe
rPois    .         Spirit   .   (helmet restricted)
rElec    .         Reflect  .   (no cloak)
rCorr    .         Harm     .   y - +0 pair of gloves
MR       .....                  (boots unavailable)
Stlth    ++........             q - amulet of regeneration
Regen    0.5/turn               (no ring)
MPRegen  0.2/turn               (no ring)

@: protection aura
A: beak, talons 3, able to fly 1
a: Fly


You were on level 4 of the Dungeon.
You were hungry.

You visited 1 branch of the dungeon, and saw 4 of its levels.

You collected 214 gold pieces.

Inventory:

Hand Weapons
 a - a +1 whip of freezing
 e - a +0 spear
 z - a +0 trident
 A - a +1 flail of protection (weapon)
Armour
 r - a cursed +0 plate armour
 u - a +0 robe (worn)
 y - a +0 pair of gloves (worn)
Jewellery
 q - an amulet of regeneration (around neck)
Scrolls
 f - 2 scrolls of remove curse
 g - a scroll of recharging {unknown}
 h - 4 scrolls of teleportation {unknown}
 j - a scroll of blinking {unknown}
 l - 2 scrolls of magic mapping {unknown}
 n - a scroll of enchant weapon {unknown}
 p - a scroll of immolation {unknown}
 s - a scroll of fear {unknown}
 v - 6 scrolls of identify {unknown}
Potions
 k - a potion of haste {unknown}
 m - a potion of curing {unknown}
 x - a potion of invisibility {unknown}
Books
 b - a book of Frost

   Spells                             Type                      Level
   a - Freeze                         Ice                          1
   b - Throw Frost                    Conjuration/Ice              2
   c - Ozocubu's Armour               Charms/Ice                   3
   d - Throw Icicle                   Conjuration/Ice              4
   e - Summon Ice Beast               Ice/Summoning                4
Comestibles
 c - 3 bread rations
 o - a royal jelly
 t - 3 meat rations


   Skills:
 - Level 2.1 Dodging
 - Level 2.0 Stealth
 - Level 2.0 Spellcasting
 - Level 1.3 Conjurations
 + Level 5.6 Ice Magic


You had 5 spell levels left.
You knew the following spells:

 Your Spells              Type           Power        Failure   Level  Hunger
a - Freeze                Ice            ###.         1%          1    #......
b - Throw Frost           Conj/Ice       ##....       8%          2    ###....


Dungeon Overview and Level Annotations

Branches:
Dungeon (4/15)
 Temple: D:4-7

Altars:

Annotations:
D:3 removed's ghost, amateur TeIE
D:4 dscm's ghost, weakling GrFi


Innate Abilities, Weirdness & Mutations

You have a beak for a mouth.
You have claws for feet.
You can fly.


Message History

You freeze the shadow imp.
The shadow imp completely resists.
The shadow imp is heavily wounded.
The shadow imp barely misses you.
Wield which item (- for none, * to show all)? (? for menu, Esc to quit)
Okay, then.
Wield which item (- for none, * to show all)? (? for menu, Esc to quit)
Your +1 whip of freezing stops glowing.
Your +1 flail of protection hums with potential!
A - a +1 flail of protection (weapon)
The shadow imp gestures at you. Pain shoots through your body!
* * * LOW HITPOINT WARNING * * *
You hit the shadow imp.
Your weapon exudes an aura of protection.
The shadow imp is severely wounded.
The shadow imp closely misses you.
You closely miss the shadow imp.
The shadow imp is severely wounded.
The shadow imp misses you. The shadow imp hits you.
You die...

#.# ####.# ## #.#
#....# #.# #.######
#.######.####.##### #
#####......O..........#
#
#...#.####.#.####.###.#
# #.#.#.# #>#.# #.# #.#
# #.#.#.#.##.#.# #.#
#.# # #.###.##5@.#.#
#.###.####
#.##...#####.#
#......... ##.###.##
#.# #####.####
#....)..#####.# #..# #
####.####.....# ##.#
#.# #.###### #.# #.#
#.# #.# #.# #.# ### #.#
#)###.###.## #.#


You could see an ogre (wandering) and a shadow imp.

Vanquished Creatures
  An orc priest (D:3)
  A worker ant (D:4)
  4 adders
  An ooze (D:2)
  4 worms
  3 dart slugs
  3 leopard geckos
  10 orcs
  4 bats (D:1)
  5 giant cockroaches
  6 goblins
  7 hobgoblins
  8 kobolds
  2 quokkas
  5 frilled lizards
  A jackal skeleton (D:4)
  8 rats
73 creatures vanquished.

Notes
Turn   | Place    | Note
-------+----------+-------------------------------------------
     0 | D:1      | removed the Tengu Ice Elementalist began the quest for the Orb.
     0 | D:1      | Reached XP level 1. HP: 10/10 MP: 4/4
   162 | D:1      | Reached skill level 3 in Ice Magic
   331 | D:1      | Reached XP level 2. HP: 15/15 MP: 3/6
   796 | D:1      | Reached XP level 3. HP: 19/19 MP: 5/7
  1149 | D:2      | Reached skill level 4 in Ice Magic
  1368 | D:2      | Reached XP level 4. HP: 21/24 MP: 5/8
  2311 | D:3      | Reached skill level 5 in Ice Magic
  2311 | D:3      | Gained mutation: You can fly. [Tengu growth]
  2311 | D:3      | Reached XP level 5. HP: 28/28 MP: 2/9
  2623 | D:3      | Noticed removed's ghost (amateur TeIE)
  2668 | D:3      | HP: 1/28 [removed's ghost/Freeze (12)]
  3977 | D:4      | Noticed an ogre
  4107 | D:4      | Noticed dscm's ghost (weakling GrFi)
  4113 | D:4      | Noticed an ogre
  4209 | D:4      | Learned a level 2 spell: Throw Frost
  4390 | D:4      | Slain by a shadow imp

Skill      XL: |  1  2  3  4 |
---------------+-------------+-----
Ice Magic      | 3 4 5 |  5.6
Dodging        | |  2.1
Stealth        | |  2.0
Spellcasting   | |  2.0
Conjurations   | |  1.3

Action                   |  1- 3 |  4- 6 || total
-------------------------+-------+-------++-------
Melee: Flail             |       |     2 ||     2
       Trident           |       |     2 ||     2
       Peck              |       |     1 ||     1
 Cast: Freeze            |    52 |    98 ||   150
 Abil: Fly               |       |     1 ||     1
  Use: Scroll            |       |     1 ||     1
 Stab: Sleeping          |       |     1 ||     1
  Eat: Chunk             |     2 |     6 ||     8
       Bread ration      |       |     1 ||     1
Armor: Robe              |    10 |     3 ||    13
Dodge: Dodged            |    28 |    43 ||    71
